 Dungeon Crawl Stone Soup version 0.30-a0-634-g8abc85282e (webtiles) character file.

Game seed: 14966951098367780561

4 drugrobin the Sneak (level 1, 18/18 HPs)
             Began as a Demigod Delver on Jan 15, 2023.
             Quit the game on level 3 of the Dungeon.
             The game lasted 00:01:13 (284 turns).

drugrobin the Sneak (Demigod Delver)                 Turns: 284, Time: 00:01:13

Health: 18/18      AC:  3    Str: 13    XL:     1   Next: 40%
Magic:  3/3        EV: 11    Int: 12    God:
Gold:   9          SH:  0    Dex: 15    Spells: 0/0 levels left

rFire   . . .      SeeInvis .      - Unarmed
rCold   + . .      Faith    .    (no shield)
rNeg    . . .      Spirit   .    a - +0 leather armour
rPois   .          Reflect  .    (no helmet)
rElec   .          Harm     .    (no cloak)
rCorr   .          Rampage  .    (no gloves)
Will    .....                    (no boots)
Stlth   +++                      (no amulet)
HPRegen 0.23/turn                j - ring of protection from cold
MPRegen 0.08/turn                (no ring)

@: no status effects
A: high MP 1, forlorn, divine attributes
a: no special abilities


You were on level 3 of the Dungeon.
You visited 1 branch of the dungeon, and saw 3 of its levels.

You collected 9 gold pieces.

Inventory:

Hand Weapons
 h - a +0 falchion
Armour
 a - a +0 leather armour (worn)
Jewellery
 j - a ring of protection from cold (left hand)
Wands
 f - a wand of digging (3)
 o - a wand of roots (10)
Scrolls
 b - a scroll of fog
 c - a scroll of magic mapping
 d - a scroll of fear
 g - a scroll of amnesia {unknown}
 i - a scroll of identify {unknown}
 k - a scroll of torment {unknown}
 m - a scroll of immolation {unknown}
 p - a scroll of vulnerability {unknown}
Potions
 e - 3 potions of haste
 l - a potion of might {unknown}
 n - 2 potions of mutation {unknown}


   Skills:
 - Level 2.6 Fighting
 - Level 1.7 Dodging
 - Level 4.5 Stealth
 + Level 2.1 Unarmed Combat


You couldn't memorise any spells.
You didn't know any spells.
Your spell library was empty.

Dungeon Overview and Level Annotations

Branches:
Dungeon (5/15)
 Temple: D:4-7

Annotations:
D:5 Prince Ribbit


Innate Abilities, Weirdness & Mutations

You have an increased reservoir of magic. (+10% MP)
You shall have no god before yourself.
Your divine heritage dramatically boosts your attributes as you level up.


Message History

HP restored.
k - a scroll labelled ZENWIMINIC Unknown command.
Unknown command.
Unknown command.
l - a fuming sapphire potion
m - a scroll labelled JUSMID LOVI Unknown command.
Unknown command.
Unknown command.
Found a stone staircase leading down.
Found a stone staircase leading up.
Unknown command.
Unknown command.
You now have 9 gold pieces.
e - 3 potions of haste (gained 2)
n - 2 silvery potions
Found a leather armour.
Unknown command.
Unknown command.
Unknown command.
A hobgoblin comes into view. It is carrying a wand of roots (10).
Unknown command.
The hobgoblin shouts!
You hit the hobgoblin but do no damage.
The hobgoblin hits you but does no damage.
You barely miss the hobgoblin. The hobgoblin closely misses you.
You hit the hobgoblin.
You kill the hobgoblin!
o - a wand of roots (10);
p - a scroll labelled ETIVVE QAXIZO
Things that are here:
a +0 leather armour; a hobgoblin corpse
j - a ring of protection from cold (left hand)
There is a stone staircase leading up here.
You climb upwards.
Found a scale mail.
There is a stone staircase leading down here.
Unknown command.
Found a robe.
Are you sure you want to abandon this character and quit the game? (Confirm with "yes".)

.. ...#
..o..####
.......>#
..##.##.#
#....##.##
#..@.#
#....#
#....#
#....#
#...[#
#[....
#.....
#......


There were no monsters in sight!

Vanquished Creatures
  2 giant cockroaches (D:4)
  A hobgoblin (D:4)
3 creatures vanquished.

Notes
Turn   | Place    | Note
-------+----------+-------------------------------------------
     0 | D:5      | drugrobin the Demigod Delver began the quest for the Orb.
     0 | D:5      | Reached XP level 1. HP: 18/18 MP: 3/3
    15 | D:5      | Noticed Prince Ribbit
   284 | D:3      | Quit the game

Illustrated notes

Levels and vault maps discovered:
D:3:      layout_basic, overflow_temple_1_default,
          dreamdust_ecumenical_altar_drowned_temple, uniq_crazy_yiuf_cottage
D:4:      layout_basic, lemuel_tele_altar, nicolae_overflow_crystal_walls,
          roderic_roman_lattice
D:5:      layout_rooms, lemuel_doored_altar, uniq_prince_ribbit1

Skill      XL: |  1 |
---------------+----+-----
Unarmed Combat | 2 |  2.1
Fighting       | |  2.6
Dodging        | |  1.7
Stealth        | |  4.5

Action                   || total
-------------------------++-------
Melee: Unarmed           ||    22
 Stab: Sleeping          ||     1
Armor: Leather armour    ||     8
Dodge: Dodged            ||    11

Table legend: (Time is in decaauts)
 A = Elapsed time spent in this place.
 B = Non-inter-level travel time spent in this place.
 C = Inter-level travel time spent in this place.
 D = Time resting spent in this place.
 E = Time spent auto-exploring this place.
 F = Levels seen in this place.
 G = Mean time per level.
                   A        B        C        D        E       F      G
               +--------+--------+--------+--------+--------+-----+--------+
         Total |    282 |    267 |     15 |      0 |    176 |   3 |   94.0 |
       Dungeon |    282 |    267 |     15 |      0 |    176 |   3 |   94.0 |
               +--------+--------+--------+--------+--------+-----+--------+

Top non-repeatable levels by time:
     D:4: 261 daAuts
     D:5: 17 daAuts
     D:3: 3 daAuts
